 Dungeon Crawl Stone Soup version 0.20-a0-972-gb9bd3e6 (webtiles) character file.

229 JeffiDaFish the Shield-Bearer (level 6, -3/34 HPs)
             Began as a Gargoyle Fighter on Apr 10, 2017.
             Slain by a wraith (5 damage)
             ... in an ossuary.
             The game lasted 00:05:48 (2893 turns).

JeffiDaFish the Shield-Bearer (Gargoyle Fighter)    Turns: 2893, Time: 00:05:49

Health: -3/34      AC: 15    Str: 25    XL:     6   Next: 3%
Magic:  6/6        EV:  6    Int:  8    God:
Gold:   150        SH: 10    Dex: 11    Spells: 5/5 levels left

rFire    . . .     SeeInvis +   a - +1 flail
rCold    . . .     Gourm    .   c - +0 shield
rNeg     + . .     Faith    .   e - +0 chain mail
rPois    ∞         Spirit   .   (helmet restricted)
rElec    +         Reflect  .   i - +0 cloak
rCorr    .         Harm     .   (no gloves)
MR       .....     Rnd*Tele +   (no boots)
Stlth    ..........             (no amulet)
Regen    0.2/turn               (no ring)
MPRegen  0.1/turn               (no ring)

@: mighty, slowed, very slow
A: horns 1, see invisible, frail 1, negative energy resistance 1, electricity
resistance, teleportitis 1, unbreathing, petrification resistance, rot immunity,
AC +4
a: no special abilities


You were in an ossuary.
You were not hungry.

You visited 1 branch of the dungeon, and saw 4 of its levels.
You also visited: Ossuary.

You collected 150 gold pieces.

Inventory:

Hand Weapons
 a - a +1 flail (weapon)
Armour
 c - a +0 shield (worn)
 e - a +0 chain mail (worn)
 h - a +0 helmet
 i - a +0 cloak (worn)
Scrolls
 g - 2 scrolls of teleportation
 k - 2 scrolls of remove curse
 l - a scroll of identify
Potions
 b - a potion of flight
 n - a potion of resistance
Comestibles
 f - 3 bread rations
 j - 4 meat rations
 m - a royal jelly


   Skills:
 + Level 3.8 Fighting
 + Level 4.2 Maces & Flails
 + Level 4.3 Armour
 + Level 0.2 Dodging
 + Level 0.2 Stealth
 + Level 4.4 Shields


You had 5 spell levels left.
You didn't know any spells.

Dungeon Overview and Level Annotations

Branches:
Dungeon (4/15)
 Temple: D:4-7

Altars:
Kikubaaqudgha
Sif Muna
Vehumet
Xom


Innate Abilities, Weirdness & Mutations

You are resistant to torment.
Your stone body is resilient. (AC +4)
You are immune to poison.
You resist negative energy. (rN+)
You are resistant to electric shocks. (rElec)
You can survive without breathing.
You are immune to petrification.
You are immune to rotting.
You have a pair of small horns on your head.
You have supernaturally acute eyesight. (SInv)
You are frail. (-10% HP)
You are occasionally teleported next to monsters.


Message History

* * * LOW HITPOINT WARNING * * *
The wraith drains your vigour!
You feel as though you will be slow longer.
You are too injured to fight recklessly!
You are too injured to fight recklessly!
You feel very mighty all of a sudden. You block the wraith's attack.
A kobold skeleton comes into view.
You barely miss the wraith. Your headbutt misses the wraith.
The wraith is lightly damaged.
The wraith hits you but does no damage.
The kobold skeleton moves out of view.
The wraith hits you but does no damage.
You hit the wraith.
The wraith is moderately damaged.
The wraith hits you!
* * * LOW HITPOINT WARNING * * *
The wraith drains your vigour!
You feel as though you will be slow longer.
The wraith hits you.
You die...

###################
...................
..................∩
.#####'#####......
##.........##.....
##...#####...##....
##..Z##...##...##...
#..@##.???.##...#...
+...W..!?!..#...'...
#...##.??..##...#...
##...##...##...##...
. ##...#####...##....
...##.........##.....
....#####'#####......
....................∩
.....................


You could see a wraith and a gnoll skeleton.

Vanquished Creatures
  A howler monkey (D:3)
  A hound (D:4)
  An iguana (D:4)
  A mummy (Ossuary)
  3 adders
  An ooze (D:3)
  3 worms
  4 dart slugs
  A leopard gecko (D:2)
  An orc (D:3)
  3 giant cockroaches
  9 hobgoblins
  4 jackals (D:1)
  5 kobolds
  3 quokkas
  8 bats
  7 gnoll skeletons (Ossuary)
  5 goblins
  5 kobold skeletons (Ossuary)
  5 orc skeletons (Ossuary)
  6 rats
77 creatures vanquished.

Notes
Turn   | Place    | Note
-------+----------+-------------------------------------------
     0 | D:1      | JeffiDaFish the Gargoyle Fighter began the quest for the Orb.
     0 | D:1      | Reached XP level 1. HP: 14/14 MP: 1/1
    92 | D:1      | Reached XP level 2. HP: 18/19 MP: 2/2
   276 | D:1      | Found a glowing silver altar of Zin.
   278 | D:1      | Found an ancient bone altar of Kikubaaqudgha.
   278 | D:1      | Found a deep blue altar of Sif Muna.
   280 | D:1      | Found an iron altar of Okawaru.
   280 | D:1      | Found a radiant altar of Vehumet.
   280 | D:1      | Found a shimmering altar of Xom.
   747 | D:2      | Reached XP level 3. HP: 23/23 MP: 3/3
  1298 | D:2      | Reached XP level 4. HP: 28/28 MP: 4/4
  2068 | D:3      | Gained mutation: You are frail. (-10% HP) [potion of mutation]
  2068 | D:3      | Gained mutation: You have supernaturally acute eyesight. (SInv) [potion of mutation]
  2068 | D:3      | Gained mutation: You are occasionally teleported next to monsters. [potion of mutation]
  2068 | D:3      | Gained mutation: You have a pair of small horns on your head. [potion of mutation]
  2094 | D:3      | Reached XP level 5. HP: 27/29 MP: 5/5
  2773 | D:4      | Found a sand-covered staircase.
  2778 | Ossuary  | Entered an ossuary
  2778 | Ossuary  | Noticed a wraith
  2778 | Ossuary  | Noticed a wraith
  2778 | Ossuary  | Noticed a wraith
  2805 | Ossuary  | Reached XP level 6. HP: 33/34 MP: 6/6
  2833 | Ossuary  | Noticed a wraith
  2893 | Ossuary  | Slain by a wraith

Vault maps used:
D:1:      grunt_arrival_crossed_arrows, doesnt_xom_only_xom
D:2:      first_bread
D:4:      kiku_gazebo_garden_becter, nicolae_ossuary_entry_plus
Ossuary:  ossuary_due_mausoleum

Skill      XL: |  1  2  3  4  5 |
---------------+----------------+-----
Armour         | 4 |  4.3
Maces & Flails | 3 4 |  4.2
Shields        | 4 |  4.4
Fighting       | |  3.8
Dodging        | |  0.2
Stealth        | |  0.2

Action                   |  1- 3 |  4- 6 || total
-------------------------+-------+-------++-------
Melee: Flail             |   125 |   132 ||   257
       Headbutt          |       |    15 ||    15
  Use: Scroll            |     6 |     3 ||     9
       Potion            |     2 |     5 ||     7
  Eat: Chunk             |     1 |     6 ||     7
Armor: Chain mail        |    68 |    85 ||   153
       Scale mail        |     2 |       ||     2
Dodge: Dodged            |    38 |    35 ||    73
Block: Shield            |    63 |    92 ||   155
